 Dungeon Crawl Stone Soup version 0.29-a0-1039-gfc20370e89 (webtiles) character file.

Game seed: 1845615658468922205

266 Plasmagod the Chopper (level 6, -6/47 HPs)
             Began as a Formicid Fighter on Aug 15, 2022.
             Mangled by an ogre
             ... wielding a +0 giant club
              (20 damage)
             ... on level 4 of the Dungeon.
             The game lasted 00:04:21 (2064 turns).

Plasmagod the Chopper (Formicid Fighter)            Turns: 2064, Time: 00:04:22

Health: -6/47      AC:  6    Str: 23    XL:     6   Next: 44%
Magic:  6/6        EV: 13    Int:  7    God:
Gold:   106        SH:  5    Dex: 13    Spells: 5/5 levels left

rFire   . . .      SeeInvis +   h - +0 broad axe
rCold   . . .      Faith    .   c - +0 buckler
rNeg    . . .      Spirit   .   b - +0 scale mail
rPois   .          Reflect  .   (helmet unavailable)
rElec   .          Harm     .   (no cloak)
rCorr   .          Rampage  .   (no gloves)
Will    .....                   (no boots)
Stlth   ..........              s - amulet of regeneration
HPRegen 0.95/turn               a - +4 ring of evasion
MPRegen 0.10/turn               (no ring)

@: no status effects
A: permanent stasis, dig shafts and tunnels, antennae 3, four strong arms
a: Dig, Shaft Self


You were on level 4 of the Dungeon.
You visited 1 branch of the dungeon, and saw 4 of its levels.

You collected 106 gold pieces.

Inventory:

Hand Weapons
 h - a +0 broad axe (weapon)
Armour
 b - a +0 scale mail (worn)
 c - a +0 buckler (worn)
Jewellery
 a - a +4 ring of evasion (left hand)
 s - an amulet of regeneration (around neck)
 u - the ring "Joimp" {Fire rElec rPois Dex+4}
   (You found it on level 4 of the Dungeon)

   [ring of fire]

   It enhances your fire magic.
   Dex:       It affects your dexterity (+4).
   rF:        It protects you from fire.
   rC:        It makes you vulnerable to cold.
   rElec:     It insulates you from electricity.
   rPois:     It protects you from poison.
Scrolls
 e - 3 scrolls of teleportation {unknown}
 g - 3 scrolls of identify {unknown}
 j - 2 scrolls of blinking {unknown}
 k - 2 scrolls of magic mapping {unknown}
 l - a scroll of vulnerability {unknown}
 n - 2 scrolls of enchant weapon {unknown}
 p - 2 scrolls of fear {unknown}
 t - 2 scrolls of silence {unknown}
Potions
 d - 2 potions of might
 f - 5 potions of haste {unknown}
 i - a potion of cancellation {unknown}
 m - 2 potions of mutation {unknown}
 o - 2 potions of curing {unknown}
 q - a potion of heal wounds {unknown}
 r - a potion of flight {unknown}


   Skills:
 - Level 3.2 Fighting
 + Level 6.3 Axes
 - Level 3.2 Armour
 - Level 4.0 Shields


You had 5 spell levels left.
You didn't know any spells.
Your spell library contained the following spells:

 Spells                   Type           Power      Damage    Failure   Level
 Sublimation of Blood     Necr           0%         N/A       91%         2
 Wereblood                Tmut           0%         N/A       91%         2
 Petrify                  Tmut/Erth      0%         N/A       100%        4
 Irradiate                Conj/Tmut      0%         3d11      100%        5
 Summon Hydra             Summ           0%         N/A       100%        7


Dungeon Overview and Level Annotations

Branches:
Dungeon (4/15)
 Temple: D:4-7

Altars:

Annotations:
D:3 1 runed translucent door, anet's ghost, amateur MiBe


Innate Abilities, Weirdness & Mutations

You cannot be hasted, slowed, berserked, paralysed or teleported.
You can dig through walls and to a lower floor.
You have a pair of large antennae on your head. (SInv)
Your four strong arms can wield two-handed weapons with a shield.


Message History

You have reached level 6!
You slice the scorpion!!
You kill the scorpion!
Your Axes skill increases to level 6!
Things that are here:
a +0 dagger; a +0 robe; an orc corpse You barely miss the worm.
You block the worm's attack.
You hit the worm.
The worm is moderately wounded.
The worm bites you.
You barely miss the worm.
The worm is moderately wounded.
You slash the worm!
You kill the worm!
t - 2 scrolls labelled COIMNO XOO
u - the ring "Joimp" {Fire rElec rPois Dex+4} You now have 95 gold pieces (gained 7).
f - 5 coppery potions (gained 1)
p - 2 scrolls labelled BUODASUACO (gained 1)
Found a stone staircase leading up and a stone staircase leading down.
You now have 106 gold pieces (gained 11).
You open the door.
There is an open door here.
An ogre comes into view. It is wielding a +0 giant club.
The ogre shouts!
A dart slug comes into view.
You closely miss the ogre.
The ogre hits you with a +0 giant club!!
You slash the ogre!
The ogre is heavily wounded.
The ogre hits you with a +0 giant club!
* * * LOW HITPOINT WARNING * * *
You slash the ogre!
The ogre is almost dead.
The dart slug launches a dart at you. You block the slug dart.
You hit the ogre but do no damage.
The ogre is almost dead.
The ogre hits you with a +0 giant club!!
You die...

....................#
..
....................# .
....................#
###.................###
#...........##.......
#...........##....##.
............##....#
.#####......'.....#
#.#....##@#..#
........+.O...#
.........##....w...
...##.....#........#
..........#....#####
............#.
#.#...><.......
.......##


You could see an ogre and a dart slug.

Vanquished Creatures
  A phantom (D:3)
  A scorpion (D:4)
  2 orc wizards (D:4)
  An adder (D:3)
  4 worms
  A dart slug (D:2)
  5 orcs
  5 ball pythons
  6 bats
  4 endoplasms
  3 giant cockroaches (D:1)
  5 goblins
  6 hobgoblins
  3 jackals (D:4)
  4 quokkas
  2 frilled lizards
  2 kobolds
  6 rats
61 creatures vanquished.

Notes
Turn   | Place    | Note
-------+----------+-------------------------------------------
     0 | D:1      | Plasmagod the Formicid Fighter began the quest for the Orb.
     0 | D:1      | Reached XP level 1. HP: 18/18 MP: 1/1
   152 | D:1      | Reached XP level 2. HP: 20/24 MP: 2/2
   406 | D:1      | Reached skill level 3 in Axes
   898 | D:2      | Reached XP level 3. HP: 29/29 MP: 3/3
  1051 | D:2      | Found a faded altar of an unknown god.
  1386 | D:3      | Reached skill level 4 in Axes
  1386 | D:3      | Reached XP level 4. HP: 35/35 MP: 4/4
  1395 | D:3      | Noticed a phantom
  1406 | D:3      | Killed a phantom
  1407 | D:3      | Reached skill level 5 in Axes
  1407 | D:3      | Reached XP level 5. HP: 41/41 MP: 5/5
  1433 | D:3      | Found a runed translucent door.
  1434 | D:3      | Noticed anet's ghost (amateur MiBe)
  2006 | D:4      | Reached XP level 6. HP: 47/47 MP: 6/6
  2007 | D:4      | Reached skill level 6 in Axes
  2024 | D:4      | Identified the ring "Joimp" {Fire rElec rPois Dex+4}
  2056 | D:4      | Noticed an ogre
  2064 | D:4      | Mangled by an ogre

Illustrated notes

Levels and vault maps discovered:
D:1:      amcnicky_arrival_wind_blow, layout_loops_ring,
          nicolae_figureground_pulse
D:2:      layout_basic, shapermc_ecumenical_altar_totnotflames,
          kennysheep_generic_room_11
D:3:      layout_rooms, ebering_ghost_sewer_d, serial_corexii_hall,
          chequers_hall_statues_y, corexii_hall_statues_t
D:4:      layout_basic, old_standard_altar, mainiacjoe_overflow_alcove_2,
          gammafunk_temple_overflow_statue, minmay_temple_entry_fiery,
          uniq_sigmund, uniq_ijyb

Skill      XL: |  1  2  3  4  5  6 |
---------------+-------------------+-----
Axes           | 3 4 5 6 |  6.3
Fighting       | |  3.2
Armour         | |  3.2
Shields        | |  4.0

Action                   |  1- 3 |  4- 6 || total
-------------------------+-------+-------++-------
Melee: War axe           |    17 |       ||    17
       Broad axe         |    63 |    61 ||   124
Armor: Scale mail        |    29 |    20 ||    49
Dodge: Dodged            |    45 |    48 ||    93
Block: Buckler           |    19 |    15 ||    34

Table legend: (Time is in decaauts)
 A = Elapsed time spent in this place.
 B = Non-inter-level travel time spent in this place.
 C = Inter-level travel time spent in this place.
 D = Time resting spent in this place.
 E = Time spent auto-exploring this place.
 F = Levels seen in this place.
 G = Mean time per level.
                   A        B        C        D        E       F      G
               +--------+--------+--------+--------+--------+-----+--------+
         Total |   2120 |   2066 |     54 |      0 |   1654 |   4 |  530.0 |
       Dungeon |   2120 |   2066 |     54 |      0 |   1654 |   4 |  530.0 |
               +--------+--------+--------+--------+--------+-----+--------+

Top non-repeatable levels by time:
     D:1: 906 daAuts
     D:3: 633 daAuts
     D:2: 497 daAuts
     D:4: 82 daAuts
